[Event "Titled Tuesday Blitz November 29 Early 2022"]
[White "Ronka, Erik"]
[Black "Chernobay, Artem"]
[WhiteFideId "505080"]
[BlackFideId "4167406"]
[WhiteElo "2264"]
[BlackElo "2473"]
[Result "0-1"]
[Round "11"]
[TimeControl "180+1"]
[Date "2022.11.30"]
[WhiteClock "0:00:03"]
[BlackClock "0:00:26"]

1. e4 c5 2. Nf3 d6 3. d4 cxd4 4. Nxd4 Nf6 5. Nc3 a6 6. Nb3 e5 7. Bg5 Be6 8. Bxf6 Qxf6 9. Nd5 Qd8 10. Ne3 Nd7 11. Bc4 Rc8 12. Bxe6 fxe6 13. Qd3 Be7 14. O-O-O Qc7 15. Kb1 O-O 16. f3 b5 17. h4 Nb6 18. Qe2 Nc4 19. Rd3 a5 20. Nc1 a4 21. b3 Na3+ 22. Kb2 Qc5 23. c3 b4 24. c4 Ra8 25. Nc2 axb3 26. axb3 Nxc2 27. Kxc2 Ra1 28. Rhd1 Rfa8 29. R1d2 Rxc1+ 30. Kxc1 Ra1+ 31. Kc2 Qa7 32. Rxd6 Bxd6 33. Rxd6 Ra2+ 34. Kd3 Rxe2 35. Kxe2 Qa2+ 36. Rd2 Qxb3 37. g3 Qxc4+ 38. Ke3 b3 0-1


[Site "https://www.chess.com"]

[Event "Titled Tuesday Blitz November 29 Early 2022"]
[White "Rose, Felix"]
[Black "Chernov, Mikhail"]
[WhiteFideId "5105722"]
[BlackFideId "24143170"]
[WhiteElo "2039"]
[BlackElo "2113"]
[Result "0-1"]
[Round "11"]
[TimeControl "180+1"]
[Date "2022.11.30"]
[WhiteClock "0:00:03"]
[BlackClock "0:00:10"]

1. e4 c5 2. Nf3 Nc6 3. d4 cxd4 4. Nxd4 Nf6 5. Nc3 d6 6. Bg5 e6 7. Qd3 a6 8. O-O-O Bd7 9. Kb1 b5 10. Nxc6 Bxc6 11. f3 Qc7 12. Ne2 Be7 13. h4 h6 14. Bxf6 gxf6 15. Nd4 Bd7 16. Rc1 h5 17. c4 b4 18. f4 Qc5 19. Be2 a5 20. Bf3 Rc8 21. f5 Qe5 22. Rhf1 a4 23. fxe6 fxe6 24. Qd1 a3 25. b3 Kd8 26. Rc2 Bc6 27. Nxc6+ Rxc6 28. Qd2 f5 29. exf5 Bf6 30. Rb2 Rc7 31. Re1 Qxb2+ 32. Qxb2 Bxb2 33. Rxe6 Re7 34. Rxd6+ Kc7 35. Rc6+ Kd7 36. Rb6 Re1+ 37. Kc2 Bc3 38. f6 Rf8 39. Bxh5 Rf1 40. f7 Rf2+ 41. Kd3 Rxa2 42. c5 Rxg2 43. Kc4 a2 44. Ra6 a1=Q 45. Rxa1 Bxa1 46. Kb5 Kc7 47. Kxb4 Rh2 48. Bg6 Rxh4+ 49. Kb5 Rf4 50. b4 R4xf7 51. Kc4 Rf4+ 52. Kb3 Be5 53. b5 Rg4 54. Bh5 Rf3+ 55. Kc2 Rg2+ 56. Kd1 Rf1# 0-1


[Site "https://www.chess.com"]

[Event "Titled Tuesday Blitz November 29 Early 2022"]
[White "Rosen, Eric"]
[Black "Rustemov, Alexander"]
[WhiteFideId "2032562"]
[BlackFideId "4119002"]
[WhiteElo "2362"]
[BlackElo "2867"]
[Result "1-0"]
[Round "11"]
[TimeControl "180+1"]
[Date "2022.11.29"]
[WhiteClock "0:00:03"]
[BlackClock "0:00:03"]

1. d4 d5 2. Bf4 Nf6 3. e3 c5 4. Nf3 Nc6 5. Nbd2 cxd4 6. exd4 Bg4 7. c3 e6 8. Be2 Bd6 9. Bxd6 Qxd6 10. O-O O-O 11. h3 Bh5 12. a4 Qc7 13. Re1 Rfc8 14. Nf1 a6 15. N3d2 Bxe2 16. Qxe2 Rab8 17. Nb3 Na5 18. Nc5 Nd7 19. b4 Nc4 20. a5 Re8 21. Ng3 g6 22. Qg4 Nf6 23. Qg5 Kg7 24. Rad1 h6 25. Qc1 Re7 26. Rd3 Rbe8 27. Rf3 Nh7 28. h4 h5 29. Nd3 Nd6 30. Ne5 Nf5 31. Qf4 Nf6 32. Qg5 Nh7 33. Qf4 Qd8 34. Rc1 f6 35. Nd3 Qc7 36. Qxc7 Rxc7 37. Nc5 Nd6 38. Re1 Rce7 39. Rfe3 Kf7 40. f3 Nf8 41. Kf2 Nd7 42. R3e2 Nb8 43. Nf1 Nc6 44. g3 Na7 45. Ne3 Nab5 46. Rb1 Na3 47. Rc1 Nac4 48. Ng2 Ra8 49. Rce1 Rae8 50. Nf4 Nb5 51. Rc1 Ncd6 52. Nfd3 Nc4 53. Ree1 b6 54. axb6 Nxb6 55. Re2 Ra8 56. Ra2 Rea7 57. Ke2 a5 58. bxa5 Rxa5 59. Rxa5 Rxa5 60. Rc2 Nc4 61. Nb4 Ra1 62. Kf2 Nba3 63. Re2 e5 64. dxe5 Nxe5 65. Nxd5 Rc1 66. Ne4 Nd3+ 67. Ke3 Ne5 68. Kd2 Nac4+ 69. Kxc1 Nxf3 70. Rf2 Nfe5 71. Nexf6 Kg7 72. Ne8+ Kh6 73. Ne7 g5 74. Rf6+ Kh7 75. hxg5 h4 76. gxh4 Nd3+ 77. Kd1 Nde5 78. g6+ Kh6 79. g7+ Kh5 80. g8=Q Ne3+ 81. Kc1 N3g4 82. Qh8+ 1-0


[Site "https://www.chess.com"]

[Event "Titled Tuesday Blitz November 29 Early 2022"]
[White "Rosenberg, Evan S"]
[Black "Saravana, Krishnan P."]
[WhiteFideId "2019299"]
[BlackFideId "5018382"]
[WhiteElo "2391"]
[BlackElo "2155"]
[Result "0-1"]
[Round "11"]
[TimeControl "180+1"]
[Date "2022.11.30"]
[WhiteClock "0:00:02"]
[BlackClock "0:00:14"]

1. d4 Nf6 2. Nf3 g6 3. Nc3 d5 4. Bf4 c6 5. Qd2 Nbd7 6. h3 b5 7. a3 a5 8. e3 Nb6 9. Ne5 Bd7 10. Be2 Bg7 11. h4 h5 12. Bd3 Nc4 13. Qc1 Qb6 14. b3 Nd6 15. f3 Nf5 16. Nxd7 Nxd7 17. Bxf5 gxf5 18. Qd2 e6 19. O-O c5 20. Rfd1 Rc8 21. a4 b4 22. Nb5 Bf8 23. Qf2 Rg8 24. Kh2 Rg6 25. Bg5 c4 26. bxc4 Rxc4 27. c3 bxc3 28. Rdb1 Bb4 29. Qg3 c2 30. Rc1 f6 31. Qf4 fxg5 32. hxg5 Kf7 33. Qh4 Rc8 34. Ra2 Bd6+ 35. f4 Bb8 36. Raxc2 Rcg8 37. Rc6 Qb7 38. Nd6+ Bxd6 39. Rxd6 Ke7 40. Rcc6 Nf8 41. Rb6 Qc7 42. Rdc6 Qd7 43. Qxh5 Qe8 44. Qe2 R6g7 45. Qa6 Rh7+ 46. Kg1 Kf7 47. Rc7+ Kg6 48. Rxh7 Kxh7 49. Qxa5 Qh5 50. Rb7+ Kg6 51. Qe1 Rh8 52. Qg3 Qd1+ 53. Kf2 Rh1 54. Qf3 Qe1# 0-1


[Site "https://www.chess.com"]

[Event "Titled Tuesday Blitz November 29 Early 2022"]
[White "Santos Ruiz, Miguel"]
[Black "Maksimovic, Bojan"]
[WhiteFideId "22291482"]
[BlackFideId "14408120"]
[WhiteElo "2503"]
[BlackElo "2447"]
[Result "0-1"]
[Round "11"]
[TimeControl "180+1"]
[Date "2022.11.29"]
[WhiteClock "0:00:18"]
[BlackClock "0:00:30"]

1. e4 c5 2. Nf3 e6 3. d4 cxd4 4. Nxd4 a6 5. c4 Nf6 6. Nc3 Qc7 7. a3 b6 8. Be3 Bb7 9. f3 Be7 10. Qd2 d6 11. Be2 Nbd7 12. Rc1 O-O 13. g4 Ne5 14. g5 Nfd7 15. f4 Nc6 16. Nd5 Qd8 17. Nxe7+ Qxe7 18. Nxc6 Bxc6 19. Bf3 Nc5 20. Qc2 a5 21. b4 axb4 22. axb4 Ra3 23. Kf2 Nd3+ 24. Ke2 Nxc1+ 25. Bxc1 Rxf3 26. Kxf3 f5 27. gxf6 Qxf6 28. Re1 e5 29. b5 Bb7 30. Qa2 Qf7 31. Qd2 Qh5+ 32. Ke3 Qh3+ 33. Ke2 Bxe4 34. Qxd6 Qxh2+ 35. Ke3 Qxf4+ 36. Ke2 Qf2+ 37. Kd1 Qc2# 0-1


[Site "https://www.chess.com"]

[Event "Titled Tuesday Blitz November 29 Early 2022"]
[White "Sargissyan, Sargis"]
[Black "Zatonskih, Anna"]
[WhiteFideId "13303210"]
[BlackFideId "14101572"]
[WhiteElo "2109"]
[BlackElo "2362"]
[Result "0-1"]
[Round "11"]
[TimeControl "180+1"]
[Date "2022.11.30"]
[WhiteClock "0:00:10"]
[BlackClock "0:00:30"]

1. e4 d5 2. exd5 Qxd5 3. Nc3 Qd6 4. d4 c6 5. Nf3 Bg4 6. h3 Bxf3 7. Qxf3 Qxd4 8. Be3 Qb4 9. O-O-O Nf6 10. a3 Qa5 11. Bc4 e6 12. Bd2 Qc5 13. Bd3 Nbd7 14. Bf4 Ne5 15. Bxe5 Qxe5 16. Bc4 Bd6 17. Kb1 O-O-O 18. g3 Bc7 19. Bd3 Ba5 20. Rhe1 Qc5 21. Ne4 Nxe4 22. Rxe4 Qe7 23. b4 Bc7 24. Rc4 Rd5 25. Be2 Rhd8 26. Rxd5 Rxd5 27. Bd3 h6 28. Re4 a5 29. h4 axb4 30. axb4 Bd6 31. c3 Bc7 32. Kc2 Rd7 33. Bc4 Bb6 34. Re2 Qd6 35. Kb2 Qd1 36. Bb3 Rd2+ 37. Rxd2 Qxf3 0-1


[Site "https://www.chess.com"]

[Event "Titled Tuesday Blitz November 29 Early 2022"]
[White "Seletsky, Grigory"]
[Black "Flis, Pawel"]
[WhiteFideId "14112191"]
[BlackFideId "1112864"]
[WhiteElo "2492"]
[BlackElo "1817"]
[Result "1/2-1/2"]
[Round "11"]
[TimeControl "180+1"]
[Date "2022.11.30"]
[WhiteClock "0:00:52"]
[BlackClock "0:00:10"]

1. e4 c5 2. Nf3 d6 3. c3 Nf6 4. Bd3 Nbd7 5. Bc2 g6 6. O-O Bg7 7. Re1 O-O 8. d4 e5 9. d5 Nh5 10. a4 Nf4 11. Bxf4 exf4 12. Nbd2 Ne5 13. h3 Bd7 14. Nxe5 Bxe5 15. Nc4 Qh4 16. Qf3 f5 17. exf5 Bxf5 18. Bxf5 Rxf5 19. Nxe5 dxe5 20. d6 Rd8 21. Rac1 Rxd6 22. Rcd1 Rxd1 23. Rxd1 Qe7 24. Qd5+ Kg7 25. f3 Rf6 26. Re1 Re6 27. Re4 Kf6 28. b4 b6 29. bxc5 Qxc5+ 30. Qxc5 bxc5 31. Kf2 Rb6 32. Rc4 Rc6 33. Ke2 Ke6 34. Kd3 Kd5 35. a5 Rc7 36. Ra4 Rb7 37. Ra2 c4+ 38. Kc2 e4 39. fxe4+ Kxe4 40. Ra4 Rc7 41. a6 g5 42. Rb4 h5 43. Rb7 Rc5 44. Rxa7 Ra5 45. Rf7 g4 46. hxg4 hxg4 47. a7 f3 48. gxf3+ gxf3 49. Kd2 Ra2+ 50. Ke1 Ke3 51. Re7+ Kd3 52. Rf7 Ke3 53. Re7+ Kd3 54. Rf7 Ke3 1/2-1/2


[Site "https://www.chess.com"]

[Event "Titled Tuesday Blitz November 29 Early 2022"]
[White "Sellitti, Federico"]
[Black "Reprintsev, Alexander"]
[WhiteFideId "821829"]
[BlackFideId "14100541"]
[WhiteElo "2616"]
[BlackElo "2230"]
[Result "0-1"]
[Round "11"]
[TimeControl "180+1"]
[Date "2022.11.30"]
[WhiteClock "0:00:02"]
[BlackClock "0:00:20"]

1. e4 d5 2. exd5 Qxd5 3. Nc3 Qa5 4. d4 Nf6 5. Nf3 Nc6 6. Bb5 Ne4 7. Bd2 Nxc3 8. Bxc6+ bxc6 9. Bxc3 Qd5 10. O-O Bg4 11. Re1 Bxf3 12. Qxf3 Qxf3 13. gxf3 e6 14. Re4 Bd6 15. b3 Kd7 16. Bb2 Rhb8 17. c4 a5 18. Rh4 h6 19. c5 Be7 20. Rg4 Bf6 21. Bc3 a4 22. b4 a3 23. Re4 Ke7 24. f4 g6 25. Rae1 Rd8 26. R1e3 Rd5 27. Rh3 Bg7 28. Kg2 Rad8 29. Rd3 f5 30. Re1 Bxd4 31. Bxd4 Rxd4 32. Rxa3 Rxb4 33. Rae3 Re4 34. Rxe4 fxe4 35. Rxe4 Rd2 36. Ra4 Rc2 37. Ra5 Rc3 38. a4 Kf6 39. Ra7 Rxc5 40. Rxc7 Kf5 41. Rf7+ Ke4 42. Rf6 g5 43. Rxe6+ Kxf4 44. Rxh6 Rc3 45. Rh3 Rxh3 46. Kxh3 c5 47. a5 c4 48. a6 c3 49. a7 c2 50. a8=Q c1=Q 51. Qa4+ Kf5 52. Qd7+ Kg6 53. Qe6+ Kh5 54. Qe2+ Kg6 55. Kg2 Qc6+ 56. Qf3 Qa6 57. Qe4+ Kh6 58. h3 Qb6 59. Qd5 Qa6 60. Qe5 Qc6+ 61. Kg3 Qh1 62. Qf6+ Kh5 63. Qh8+ Kg6 64. Qg8+ Kh6 65. Qe6+ Kg7 66. Qe5+ Kg6 67. Qd6+ Kg7 68. Qd4+ Kg6 69. Qd3+ Kh6 70. Qf3 Qg1+ 71. Qg2 Qc1 72. Kh2 Qf4+ 73. Qg3 Qd2 74. h4 gxh4 75. Qxh4+ Kg6 76. Qg4+ Kf6 77. Kg3 Qd3+ 78. Kg2 Qd5+ 79. Kg3 Qd3+ 80. Kg2 Qd5+ 81. f3 Qd2+ 82. Kh3 Qe3 0-1


[Site "https://www.chess.com"]

[Event "Titled Tuesday Blitz November 29 Early 2022"]
[White "Shapiro, Daniel"]
[Black "Sadovsky, Artem"]
[WhiteFideId "2001780"]
[BlackFideId "4155840"]
[WhiteElo "2309"]
[BlackElo "2312"]
[Result "1-0"]
[Round "11"]
[TimeControl "180+1"]
[Date "2022.11.30"]
[WhiteClock "0:01:08"]
[BlackClock "0:02:51"]

1. d4 e5 2. dxe5 Bc5 3. Bf4 Qh4 4. e3 g5 5. Nf3 Qxf2+ 6. Kxf2 gxf4 7. Nd4 fxe3+ 8. Kxe3 Nc6 9. c3 Nxe5 10. Nd2 Nf6 11. h3 Nd5+ 12. Kf2 d6 13. Nf3 Bf5 14. Qb3 Nf4 15. Nxe5 dxe5 16. Qb5+ c6 17. Qxc5 Nd3+ 18. Bxd3 Kd7 19. Bxf5+ Ke8 20. Qxe5+ Kf8 21. Qxh8+ Ke7 22. Qxa8 Kf6 23. Qxb7 Kg5 24. Qxc6 Kh4 25. Qh6# 1-0


[Site "https://www.chess.com"]

[Event "Titled Tuesday Blitz November 29 Early 2022"]
[White "Shipov, Sergei"]
[Black "Terzi, Alexei"]
[WhiteFideId "4113624"]
[BlackFideId "13505076"]
[WhiteElo "2789"]
[BlackElo "2172"]
[Result "1-0"]
[Round "11"]
[TimeControl "180+1"]
[Date "2022.11.30"]
[WhiteClock "0:01:09"]
[BlackClock "0:00:02"]

1. d4 e6 2. c4 Nf6 3. Nc3 d5 4. cxd5 exd5 5. Bg5 Be7 6. e3 O-O 7. Bd3 c6 8. Qc2 Nbd7 9. Nf3 Re8 10. Bf4 Nf8 11. h3 Bd6 12. Bxd6 Qxd6 13. O-O-O a5 14. Kb1 b5 15. Rc1 a4 16. Ne2 Bd7 17. Ne5 Rec8 18. f4 b4 19. Qc5 Qb8 20. g4 Be8 21. f5 N6d7 22. Qe7 Nxe5 23. Qxe5 Qxe5 24. dxe5 Nd7 25. e6 fxe6 26. fxe6 Ne5 27. Bc2 a3 28. b3 Ra7 29. e4 dxe4 30. Bxe4 Re7 31. Nd4 Bg6 32. Nf5 Bxf5 33. gxf5 g6 34. Rc5 gxf5 35. Bxf5 Nf3 36. Rd1 Rf8 37. Rd7 Rxd7 38. exd7 Nd4 39. Kc1 Nxf5 40. Rxf5 Rd8 41. Rf4 Rxd7 42. Rxb4 Rd3 43. Ra4 Rxh3 44. Rxa3 Kf7 45. Ra6 Rh6 46. Rb6 Ke7 47. Kb2 Kd7 48. Rb7+ Kc8 49. Rg7 Rh4 50. a4 h5 51. Kc3 Kb8 52. b4 Kc8 53. a5 Kb8 54. a6 Ka8 55. Rc7 Rg4 56. Rxc6 Ka7 57. b5 h4 58. Rh6 Rg5 59. Kb4 Rg4+ 60. Ka5 Rg7 61. Rxh4 Re7 62. b6+ 1-0


[Site "https://www.chess.com"]

[Event "Titled Tuesday Blitz November 29 Early 2022"]
[White "Silva, Miguel Antonio Neto"]
[Black "Tarasova, Viktoriya"]
[WhiteFideId "1911929"]
[BlackFideId "4175840"]
[WhiteElo "2223"]
[BlackElo "2182"]
[Result "1/2-1/2"]
[Round "11"]
[TimeControl "180+1"]
[Date "2022.11.30"]
[WhiteClock "0:00:24"]
[BlackClock "0:01:04"]

1. d4 Nf6 2. c4 e6 3. Nf3 b6 4. g3 Ba6 5. Qc2 c5 6. d5 exd5 7. cxd5 Bb7 8. e4 Qe7 9. Bd3 Nxd5 10. a3 Nf6 11. O-O d6 12. Nc3 Nbd7 13. Bf4 Ne5 14. Nxe5 dxe5 15. Bg5 h6 16. Bb5+ Kd8 17. Rfd1+ Kc8 18. Bxf6 Qxf6 19. Qd3 Be7 20. Qd7+ Kb8 21. Nd5 Bxd5 22. Rxd5 a6 23. Bf1 Rd8 24. Qg4 Rxd5 25. exd5 Kc7 26. d6+ Bxd6 27. Bg2 Rd8 28. Qe4 Rb8 29. Qc6+ Kd8 30. Rd1 Ke7 31. Bh3 Rd8 32. Qxb6 e4 33. b4 cxb4 34. axb4 Qe5 35. Qxa6 e3 36. Qa7+ Kf8 37. Qxe3 Qxe3 38. fxe3 Bc7 39. Rxd8+ Bxd8 40. Kf2 Bb6 41. Kf3 Ke7 42. Ke4 Kd6 43. b5 Bc5 44. Kd3 g6 45. Bc8 Ke5 46. Bb7 f5 47. Bf3 g5 48. e4 fxe4+ 49. Bxe4 Bg1 50. h4 gxh4 51. gxh4 Kd6 52. Kc4 Kc7 53. Kd5 Kb6 54. Bd3 Be3 55. Ke6 Bc1 56. Kf5 Bd2 57. Kg6 Bc1 58. Kf5 Bd2 59. Kg6 Bc1 60. Kf5 1/2-1/2


[Site "https://www.chess.com"]

[Event "Titled Tuesday Blitz November 29 Early 2022"]
[White "Simonovic, Miroslav"]
[Black "Fernandez Hernandez, Gerardo"]
[WhiteFideId "919152"]
[BlackFideId "2207400"]
[WhiteElo "2043"]
[BlackElo "2201"]
[Result "1-0"]
[Round "11"]
[TimeControl "180+1"]
[Date "2022.11.30"]
[WhiteClock "0:00:07"]
[BlackClock "0:00:05"]

1. d4 Nf6 2. Bg5 Ne4 3. h4 h6 4. Bf4 d5 5. Nd2 Nxd2 6. Qxd2 Bf5 7. e3 e6 8. Bd3 Bxd3 9. Qxd3 Bd6 10. Qb5+ Nd7 11. Bxd6 cxd6 12. Qxb7 Qa5+ 13. b4 Qd8 14. a3 O-O 15. Nf3 Nb6 16. O-O Re8 17. g3 Re7 18. Qa6 Rc7 19. Rfc1 Rc3 20. Nd2 Qc7 21. Ra2 Rc8 22. Kg2 Qd7 23. Nb1 R3c6 24. Qd3 Na4 25. c3 Qc7 26. Rac2 Nb6 27. Nd2 Qb7 28. Kg1 Qe7 29. e4 Qc7 30. exd5 exd5 31. Qf3 Kf8 32. Nb3 Qd7 33. Na5 R6c7 34. Qd3 Qa4 35. Qh7 Qxa3 36. Qh8+ Ke7 37. Qxg7 Rxc3 38. Re1+ Kd7 39. Qxf7+ Kd8 40. Re8# 1-0


[Site "https://www.chess.com"]

[Event "Titled Tuesday Blitz November 29 Early 2022"]
[White "Skliarov, Viktor"]
[Black "Drozdowski, Kacper"]
[WhiteFideId "14106736"]
[BlackFideId "1136720"]
[WhiteElo "2284"]
[BlackElo "2485"]
[Result "1/2-1/2"]
[Round "11"]
[TimeControl "180+1"]
[Date "2022.11.30"]
[WhiteClock "0:00:11"]
[BlackClock "0:00:13"]

1. e4 c5 2. Nf3 e6 3. c3 Nf6 4. Bd3 Nc6 5. Bc2 d5 6. e5 Nd7 7. d4 b5 8. O-O Qb6 9. Be3 a5 10. Nbd2 Ba6 11. Re1 b4 12. h4 h6 13. h5 Be7 14. Nf1 Rc8 15. Ng3 bxc3 16. bxc3 cxd4 17. cxd4 Nb4 18. Bb1 Qc7 19. Bd2 Nb6 20. a3 Nc6 21. a4 Nc4 22. Bc1 Nb4 23. Nh2 Nb6 24. Bd2 Nc4 25. Bc1 Nc6 26. Qg4 Bf8 27. Nhf1 Qa7 28. Ne2 Nb6 29. Ne3 Nc4 30. Nxc4 Bxc4 31. Be3 Nb4 32. Rd1 Qa6 33. Nc3 Bb3 34. Rc1 Bc4 35. Nb5 Nc6 36. Bc2 Kd7 37. Nd6 Bxd6 38. exd6 Rhg8 39. Qf3 Rcf8 40. Bh7 Rh8 41. Bb1 Nb4 42. Qg4 Qxd6 43. Qxg7 Qe7 44. Qe5 Qd6 45. Qxd6+ Kxd6 46. Bf4+ Kd7 47. Ra3 Nc6 48. Be3 Rb8 49. Rac3 Rb2 50. Bd3 Bxd3 51. Rxc6 Bc4 52. Rc5 Ra8 53. Bxh6 Rb4 54. Be3 Rxa4 55. h6 Rb4 56. Ra1 a4 57. h7 Rh8 58. Ra5 Rxh7 59. R5xa4 Rxa4 60. Rxa4 Kc6 61. Ra7 Bd3 62. f3 Bg6 63. Kf2 Rh8 64. Bf4 Rc8 65. Be5 Kb6 66. Ra2 Rc1 67. Rb2+ Kc6 68. Ra2 Kb5 69. Rb2+ Kc4 70. Ra2 Kd3 71. Rb2 Kc3 72. Ra2 Kb3 73. Rd2 Rc4 74. Re2 Rc8 75. Rd2 Kc3 76. Re2 Bd3 77. Ra2 Bg6 78. Ra3+ Kb4 79. Ra2 Kb3 80. Ra7 Rc2+ 81. Kg3 Rd2 82. Rc7 Rc2 83. Rxc2 Kxc2 84. Kf2 Kd3 85. g4 Kc4 86. Ke3 Kb5 87. g5 Kc6 88. f4 Kd7 89. Bf6 Ke8 90. Be5 Kd7 91. Bf6 Ke8 92. Be5 Kd7 1/2-1/2


[Site "https://www.chess.com"]

[Event "Titled Tuesday Blitz November 29 Early 2022"]
[White "Sovetbekova, Nurai"]
[Black "Schut, Han"]
[WhiteFideId "13801910"]
[BlackFideId "1005561"]
[WhiteElo "1925"]
[BlackElo "2024"]
[Result "0-1"]
[Round "11"]
[TimeControl "180+1"]
[Date "2022.11.30"]
[WhiteClock "0:00:03"]
[BlackClock "0:00:04"]

1. d4 Nf6 2. c4 g6 3. Nc3 d5 4. cxd5 Nxd5 5. Bd2 Nb6 6. Nf3 Bg7 7. e3 O-O 8. Be2 Nc6 9. O-O e5 10. dxe5 Nxe5 11. Qc2 c6 12. Nd4 Qe7 13. Rad1 Nec4 14. Bc1 Rd8 15. b3 Nd6 16. Bf3 Nf5 17. Nde2 Nh4 18. Nd4 Bxd4 19. exd4 Nxf3+ 20. gxf3 Bf5 21. Qb2 Qh4 22. Ne2 Nd5 23. Ng3 Bh3 24. Rfe1 f5 25. Qe2 f4 26. Ne4 Re8 27. Qc4 Rxe4 28. Bxf4 Rxf4 29. Kh1 Rxf3 30. Re2 Raf8 31. Rde1 Rxf2 32. Re8 Rf1+ 33. Rxf1 Rxe8 34. Rc1 Qe4+ 35. Kg1 Qg2# 0-1


[Site "https://www.chess.com"]

[Event "Titled Tuesday Blitz November 29 Early 2022"]
[White "Stijve, Theo"]
[Black "Lauridsen, Jesper Morch"]
[WhiteFideId "1331132"]
[BlackFideId "1401890"]
[WhiteElo "2256"]
[BlackElo "2271"]
[Result "1-0"]
[Round "11"]
[TimeControl "180+1"]
[Date "2022.11.30"]
[WhiteClock "0:00:10"]
[BlackClock "0:00:01"]

1. c4 e6 2. Nc3 d5 3. cxd5 exd5 4. d4 c5 5. dxc5 d4 6. Ne4 Bf5 7. Nd6+ Bxd6 8. cxd6 Qxd6 9. Nf3 Nc6 10. g3 Nb4 11. Bf4 Qc5 12. Rc1 Nc2+ 13. Rxc2 Qxc2 14. Qxc2 Bxc2 15. Nxd4 Be4 16. f3 Bc6 17. Nxc6 bxc6 18. e4 Ne7 19. Bc4 O-O 20. Ke2 Rfd8 21. h4 h6 22. h5 Nc8 23. Rc1 Nb6 24. Ba6 c5 25. Rxc5 Na4 26. Rc2 Kh7 27. Bb7 Rab8 28. Bxb8 Rxb8 29. Bd5 Rxb2 30. Rxb2 Nxb2 31. Bxf7 Na4 32. f4 g6 33. Bxg6+ Kg7 34. g4 Nc3+ 35. Kd3 Nxa2 36. e5 a5 37. g5 hxg5 38. fxg5 Nb4+ 39. Kc4 Nc6 40. e6 a4 41. Be4 a3 42. h6+ Kf8 43. h7 Kg7 44. Bxc6 a2 45. e7 a1=Q 46. h8=Q+ Kxh8 47. e8=Q+ Kg7 48. Qe7+ Kg6 49. Be8+ Kf5 50. g6 Qa2+ 51. Kb5 Qb3+ 52. Kc6 Qc4+ 53. Kd7 Qb5+ 54. Kc7 Qa5+ 55. Kb8 Qb6+ 56. Qb7 Qd8+ 57. Qc8+ Qxc8+ 58. Kxc8 Kf6 59. Kd7 Kg7 60. Ke6 Kf8 61. Kf6 1-0


[Site "https://www.chess.com"]

[Event "Titled Tuesday Blitz November 29 Early 2022"]
[White "Sukandar, Irine Kharisma"]
[Black "Hoffmann, Asa"]
[WhiteFideId "7101937"]
[BlackFideId "2001470"]
[WhiteElo "2301"]
[BlackElo "2117"]
[Result "1-0"]
[Round "11"]
[TimeControl "180+1"]
[Date "2022.11.30"]
[WhiteClock "0:02:14"]
[BlackClock "0:02:13"]

1. e4 d6 2. d4 Nf6 3. Nc3 c6 4. h3 e5 5. Nf3 Qc7 6. a4 a5 7. Bc4 h6 8. O-O Be7 9. Qe2 b6 10. Rd1 Ba6 11. Be3 O-O 12. dxe5 dxe5 13. Nh4 Bb4 14. Nf5 Bxc3 15. bxc3 Nxe4 16. Qg4 Ng5 17. Bxg5 hxg5 18. Qxg5 1-0


[Site "https://www.chess.com"]

[Event "Titled Tuesday Blitz November 29 Early 2022"]
[White "Tarlabasi, Emirhan"]
[Black "Sai Han Thiha"]
[WhiteFideId "6350275"]
[BlackFideId "13012290"]
[WhiteElo "2200"]
[BlackElo "2023"]
[Result "0-1"]
[Round "11"]
[TimeControl "180+1"]
[Date "2022.11.30"]
[WhiteClock "0:01:13"]
[BlackClock "0:00:07"]

1. Nf3 Nf6 2. c4 g6 3. b3 Bg7 4. Bb2 O-O 5. g3 c5 6. Bg2 d5 7. cxd5 Qxd5 8. O-O Nc6 9. Ne5 Nxe5 10. Bxd5 Nxd5 11. Nc3 Nb4 12. a3 Nbc6 13. Rc1 Bh3 14. Re1 Rad8 15. d3 Nd4 16. Ne4 Bh6 17. Rxc5 Nec6 18. e3 Nf5 19. d4 Bg7 20. Qd2 Ne5 21. dxe5 Rxd2 22. Nxd2 h5 23. Nf3 Rd8 24. Rec1 Nh6 25. Rc8 Rxc8 26. Rxc8+ Bxc8 27. Bd4 b6 28. Nd2 Nf5 29. Bc3 Be6 30. e4 Nh6 31. f4 Kf8 32. b4 b5 33. Nf3 Bd7 34. Kg2 Ng4 35. Bd4 a6 36. h3 Nh6 37. Bc5 Ke8 38. Nd4 Ng8 39. Nc2 e6 40. g4 hxg4 41. hxg4 f6 42. exf6 Nxf6 43. Kf3 Bc6 44. g5 Nxe4 45. Ke3 Nxc5 46. bxc5 Kd7 47. Nb4 Bb7 48. Kd3 a5 49. Nc2 Bd5 50. Ne3 Kc6 51. Nd1 Kxc5 52. Nf2 b4 53. Ng4 bxa3 54. Ne3 a2 55. Nc2 Bb3 56. Nd4 Bxd4 57. Ke4 a1=Q 58. f5 Qe1+ 59. Kf4 Qe5+ 60. Kg4 Bd1+ 61. Kh4 Qf4+ 62. Kh3 Bg4+ 63. Kg2 Qf2+ 64. Kh1 Qg1# 0-1


[Site "https://www.chess.com"]

[Event "Titled Tuesday Blitz November 29 Early 2022"]
[White "Tasev, Dejan"]
[Black "Matinian, Nikita"]
[WhiteFideId "936618"]
[BlackFideId "24129100"]
[WhiteElo "2256"]
[BlackElo "2422"]
[Result "0-1"]
[Round "11"]
[TimeControl "180+1"]
[Date "2022.11.29"]
[WhiteClock "0:00:18"]
[BlackClock "0:00:43"]

1. e4 c5 2. Nf3 d6 3. Nc3 Nf6 4. d4 cxd4 5. Nxd4 g6 6. Bc4 Bg7 7. Bb3 O-O 8. f3 Nc6 9. Be3 Na5 10. h4 h5 11. g4 hxg4 12. Qd2 Nxb3 13. axb3 gxf3 14. h5 Ng4 15. hxg6 fxg6 16. O-O-O Qa5 17. Kb1 Qe5 18. Ndb5 Bd7 19. Bd4 Qf4 20. Qd3 Ne5 21. Qf1 Rae8 22. Nc7 g5 23. Nxe8 Rxe8 24. Qg1 g4 25. Be3 Qf6 26. Qh2 Qg6 27. Rdg1 Bc6 28. Qh4 Kf7 29. Qh2 Bxe4 30. Qf4+ Bf5 31. Ne4 Kg8 32. Ng5 Bxc2+ 33. Ka2 Qd3 34. Rxg4 Bxb3+ 35. Ka1 Qa6+ 36. Kb1 Qa2+ 37. Kc1 Nd3+ 38. Kd2 Qxb2+ 39. Kxd3 Qc2# 0-1


[Site "https://www.chess.com"]

[Event "Titled Tuesday Blitz November 29 Early 2022"]
[White "Timofeev, Artyom"]
[Black "Pranav, V"]
[WhiteFideId "4140419"]
[BlackFideId "25060783"]
[WhiteElo "2586"]
[BlackElo "2430"]
[Result "1-0"]
[Round "11"]
[TimeControl "180+1"]
[Date "2022.11.29"]
[WhiteClock "0:00:10"]
[BlackClock "0:00:02"]

1. d4 Nf6 2. Nc3 d5 3. Bf4 c5 4. e3 cxd4 5. exd4 a6 6. Nf3 Bg4 7. h3 Bxf3 8. Qxf3 Nc6 9. O-O-O e6 10. g4 Bb4 11. g5 Bxc3 12. Qxc3 Ne4 13. Qe3 Rc8 14. Kb1 O-O 15. Bd3 Nd6 16. h4 Ne7 17. Bxd6 Qxd6 18. h5 f5 19. Rhe1 Rc6 20. f4 Qd7 21. c3 Nc8 22. h6 g6 23. Qe5 Rd6 24. c4 Re8 25. c5 Rc6 26. Bc2 b5 27. Bb3 Re7 28. a4 Rc7 29. Re3 bxa4 30. Bc2 Rb7 31. Ra3 Qb5 32. Ra2 a3 33. Rd3 Na7 34. Qe1 axb2 35. Rb3 Qc6 36. Rxb7 Rxb7 37. Ba4 Nb5 38. Bxb5 Rxb5 39. Qe5 Rb7 40. Qf6 Rf7 41. Qd8+ Rf8 42. Qb6 Qxb6 43. cxb6 Rb8 44. Rxa6 Kf7 45. Kxb2 Ke7 46. Kb3 Kd6 47. Ka4 Kc6 48. Ka5 Rb7 49. Ra7 Rxb6 50. Rxh7 Rb5+ 51. Ka4 Rb1 52. Rg7 Rh1 53. Rxg6 Kd6 54. Rg7 Rh4 55. h7 1-0


[Site "https://www.chess.com"]

[Event "Titled Tuesday Blitz November 29 Early 2022"]
[White "Tokhirjonova, Gulrukhbegim"]
[Black "Begunov, Konstantin"]
[WhiteFideId "14203626"]
[BlackFideId "4118510"]
[WhiteElo "2236"]
[BlackElo "2140"]
[Result "1/2-1/2"]
[Round "11"]
[TimeControl "180+1"]
[Date "2022.11.30"]
[WhiteClock "0:00:43"]
[BlackClock "0:00:10"]

1. d4 d5 2. Nc3 c6 3. Bf4 Nf6 4. e3 Bf5 5. Nf3 e6 6. Bd3 Bxd3 7. cxd3 Be7 8. Qb3 Qb6 9. Qxb6 axb6 10. h3 O-O 11. Kd2 c5 12. g4 Nc6 13. dxc5 bxc5 14. g5 Nd7 15. Bh2 Rfc8 16. h4 Ra5 17. a3 b5 18. Rac1 b4 19. Nb1 bxa3 20. bxa3 Rb5 21. Rc2 Ra8 22. e4 Nb6 23. exd5 exd5 24. Re1 c4 25. Nc3 Rb3 26. d4 Raxa3 27. Bc7 Na4 28. Nxd5 Rd3+ 29. Ke2 Rxf3 30. Nxe7+ Nxe7 31. Bd6 Nf5 32. Bxa3 Rxa3 33. Rxc4 g6 34. d5 Nc3+ 35. Kf1 Nxd5 36. Kg2 Rd3 37. Re5 Kg7 38. h5 h6 39. hxg6 Kxg6 40. gxh6 Nxh6 41. Rh4 f6 42. Re8 Nf5 43. Rg4+ Kf7 44. Ree4 Rd2 45. Kf3 Nd6 46. Ra4 Rd3+ 47. Kg2 Nf5 48. Ra7+ Ke6 49. Re4+ Kd6 50. Ra6+ Kc5 51. Ra5+ Kd6 52. Ra6+ Kd7 53. Ra7+ Kd6 54. Ra6+ 1/2-1/2


[Site "https://www.chess.com"]